 Dungeon Crawl Stone Soup version 0.22-a0-825-ga28c36f (webtiles) character file.

37 theanonym the Magician (level 3, -11/28 HPs)
             Began as a Mummy Warper on July 24, 2018.
             Killed from afar by an orc wizard (18 damage)
             ... with a puff of flame
             ... on level 2 of the Dungeon.
             The game lasted 00:01:10 (1363 turns).

theanonym the Magician (Mummy Warper)               Turns: 1363, Time: 00:01:11

Health: -11/28     AC:  8    Str: 15    XL:     3   Next: 23%
Magic:  7/7        EV:  6    Int: 12    God:
Gold:   100        SH:  0    Dex: 11    Spells: 7/7 levels left

rFire    x . .     SeeInvis .   a - +0 hand axe
rCold    + . .     Gourm    .   (no shield)
rNeg     + + +     Faith    .   f - +0 chain mail
rPois    ∞         Spirit   .   (no helmet)
rElec    .         Reflect  .   (no cloak)
rCorr    .         Harm     .   (no gloves)
MR       .....                  (no boots)
Stlth    ..........             (no amulet)
HPRegen  0.09/turn              (no ring)
MPRegen  0.10/turn              (no ring)

@: very slightly contaminated
A: no food or potions, fire vulnerability, cold resistance 1, negative energy
resistance 3, torment resistance, unbreathing
a: no special abilities


Innate Abilities, Weirdness & Mutations

You do not eat or drink.
Your flesh is vulnerable to fire.
You are immune to poison.
Your flesh is cold resistant. (rC+)
You are immune to negative energy. (rN+++)
You are immune to unholy pain and torment.
You can survive without breathing.


   Skills:
 + Level 2.6 Fighting
 * Level 2.6 Axes
 - Level 0.7 Throwing
 - Level 0.7 Armour
 - Level 1.5 Dodging
 - Level 2.6 Spellcasting
   Level 2.4 Translocations


You had 7 spell levels left.
You didn't know any spells.
Your spell library contained the following spells:

 Spells                   Type           Power        Failure   Level  Hunger
 Teleport Other           Tloc           #.......     100%        3    N/A
 Blink                    Tloc           N/A          98%         2    N/A
 Passage of Golubria      Tloc           N/A          100%        4    N/A
 Shroud of Golubria       Chrm/Tloc      #.........   99%         2    N/A
 Gell's Gravitas          Tloc           #.........   100%        3    N/A
 Lesser Beckoning         Tloc           #.........   100%        3    N/A

Skill      XL: |  1 |
---------------+----+-----
Axes           | 2 |  2.6
Fighting       | |  2.6
Throwing       | |  0.7
Armour         | |  0.7
Dodging        | |  1.5
Spellcasting   | |  2.6
Translocations | |  2.4

Action                   || total
-------------------------++-------
Melee: Hand axe          ||    68
  Use: Scroll            ||     1
Armor: Leather armour    ||     8
       Chain mail        ||    37
Dodge: Dodged            ||    37

Inventory:

Hand Weapons
 a - a +0 hand axe (weapon)
Missiles
 e - 5 tomahawks of dispersal (quivered)
Armour
 b - a +0 leather armour
 f - a +0 chain mail (worn)
   (You found it on level 1 of the Dungeon)
Scrolls
 c - a scroll of fog {unknown}
 d - a scroll of remove curse {unknown}
 g - a scroll of identify {unknown}
 B - a scroll of blinking


You were on level 2 of the Dungeon.
You were not hungry.

You visited 1 branch of the dungeon, and saw 2 of its levels.

You collected 100 gold pieces.

Dungeon Overview and Level Annotations

Branches:
Dungeon (2/15)

Altars:

.......#<.................##..##.
####.#.#.########......)..##..#..
.....#.#....# #.........##†.#.≈
..####>#.##.# #.!.......##..#..
..........#.# #######.#.##..#..
.#####.#..#.###########.#.##..#.o
.......#..#...........#.#.#.o.#.≈
##.....##############%#.#.#.#.#..
................@.......#.#.#....
##.....##..##########..o....#....
######## #####.###.### # #...#.#
# #...#.# # #.###.# # ... #.# #
#.# #. # ..#


You could see an orc.

Notes
Turn   | Place    | Note
-------+----------+-------------------------------------------
     0 | D:1      | theanonym the Mummy Warper began the quest for the Orb.
     0 | D:1      | Reached XP level 1. HP: 16/16 MP: 4/4
   263 | D:1      | Reached skill level 2 in Axes
   277 | D:1      | Reached XP level 2. HP: 16/22 MP: 5/5
   377 | D:1      | HP: 10/22 [dart slug (3)]
  1140 | D:2      | Reached XP level 3. HP: 18/28 MP: 7/7
  1347 | D:2      | HP: 14/28 [orc priest/divine providence (12)]
  1348 | D:2      | HP: 6/28 [orc priest/divine providence (8)]
  1363 | D:2      | Killed from afar by an orc wizard

Vanquished Creatures
  An adder (D:2)
  2 dart slugs (D:1)
  2 leopard geckos (D:1)
  3 bats
  4 goblins
  4 kobolds (D:1)
  A quokka (D:2)
  3 frilled lizards
20 creatures vanquished.

Table legend:
 A = Turns spent in this place as a percentage of turns spent in the entire game.
 B = Non-inter-level travel turns spent in this place as a percentage of non-inter-level travel turns spent in the entire game.
 C = Inter-level travel turns spent in this place as a percentage of turns spent in this place.
 D = Turns resting spent in this place as a percentage of non-inter-level travel turns spent in this place.
 E = Turns spent auto-exploring this place as a percentage of non-inter-level travel turns spent in this place.
 F = Non-inter-level travel turns spent in this place divided by the number of levels of this place that you've seen.
                   A       B       C       D       E      F
               +-------+-------+-------+-------+-------+----------------------
         Total | 100.0 | 100.0 |   1.1 |  32.1 |  54.7 | 674.0
       Dungeon | 100.0 | 100.0 |   1.1 |  32.1 |  54.7 | 674.0
               +-------+-------+-------+-------+-------+----------------------
